 Dungeon Crawl Stone Soup version 0.21.1-1-g345015f (webtiles) character file.

251 Supahsalami the Skirmisher (level 5, -2/42 HPs)
             Began as a Demonspawn Abyssal Knight on June 14, 2018.
             Was a Believer of Lugonu.
             Slain by a phantom (5 damage)
             ... on level 4 of the Dungeon.
             The game lasted 00:30:54 (4363 turns).

Supahsalami the Skirmisher (DsAK)                   Turns: 4363, Time: 00:30:55

Health: -2/42      AC:  9    Str: 14    XL:     5   Next: 88%
Magic:  7/8        EV: 10    Int: 13    God:    Lugonu [**....]
Gold:   193        SH:  3    Dex: 12    Spells: 4/4 levels left

rFire    . . .     SeeInvis +   a - +1 hand axe
rCold    . . .     Gourm    .   s - +0 buckler (curse)
rNeg     . . .     Faith    .   F - +0 ring mail
rPois    .         Spirit   .   (no helmet)
rElec    .         Reflect  .   n - +2 cloak
rCorr    .         Harm     .   d - +0 pair of gloves
MR       .....                  (no boots)
Stlth    ++........             (no amulet)
HPRegen  0.14/turn              E - ring of see invisible
MPRegen  0.11/turn              (no ring)

@: no status effects
A: foul stench 2, nightstalker 1, rot immunity
a: Depart the Abyss, Bend Space, Renounce Religion


You were on level 4 of the Dungeon.
You worshipped Lugonu.
Lugonu was pleased with you.
You were not hungry.

You visited 1 branch of the dungeon, and saw 7 of its levels.
You visited the Abyss 1 time.

You collected 193 gold pieces.

Inventory:

Hand Weapons
 a - a +1 hand axe (weapon)
 b - a +0 blowgun
 z - a +1 vampiric hand axe
 B - a +0 flail
Missiles
 e - 122 stones (quivered)
 g - 2 throwing nets
 v - a curare-tipped needle
 C - 4 poisoned needles
Armour
 d - a +0 pair of gloves (worn)
 n - a +2 cloak (worn)
 r - a +0 scale mail
 s - a cursed +0 buckler (worn)
 F - a +0 ring mail (worn)
Jewellery
 E - a ring of see invisible (left hand)
Scrolls
 o - 3 scrolls of identify {unknown}
 p - a scroll of fear {unknown}
 q - 2 scrolls of enchant armour {unknown}
 t - a scroll of enchant weapon {unknown}
 w - a scroll of immolation {unknown}
 x - 2 scrolls of remove curse {unknown}
 y - 2 scrolls of amnesia {unknown}
 A - 2 scrolls of random uselessness {unknown}
 D - 2 scrolls of teleportation {unknown}
Potions
 f - a potion of haste {unknown}
 h - a potion of curing {unknown}
 i - 2 potions of resistance {unknown}
 l - a potion of berserk rage {unknown}
 u - a potion of might {unknown}
Books
 k - a book of Battle

   Spells                             Type                      Level
   a - Infusion                       Charms                       1
   b - Shroud of Golubria             Charms/Translocation         2
   c - Song of Slaying                Charms                       2
   d - Spectral Weapon                Hexes/Charms                 3
   e - Regeneration                   Charms/Necromancy            3
 m - a book of Minor Magic

   Spells                             Type                      Level
   a - Magic Dart                     Conjuration                  1
   b - Blink                          Translocation                2
   c - Call Imp                       Summoning                    2
   d - Slow                           Hexes                        2
   e - Conjure Flame                  Conjuration/Fire             3
   f - Mephitic Cloud                 Conjuration/Poison/Air       3
Comestibles
 c - 8 rations


   Skills:
 + Level 4.1 Fighting
 * Level 3.3 Axes
 + Level 3.0 Armour
 - Level 0.8 Dodging
 + Level 1.0 Shields
 + Level 4.0 Invocations


You had 4 spell levels left.
You didn't know any spells.

Dungeon Overview and Level Annotations

Branches:
Dungeon (7/15)
 Temple: D:4-7

Altars:
Okawaru

Annotations:
D:6 Duvessa, Edmund


Innate Abilities, Weirdness & Mutations

You frequently emit foul miasma when damaged in melee.
You are slightly more attuned to the shadows.
You are immune to rotting.


Message History

An adder comes into view.
You see here a curare-tipped needle.
Space bends around you!
You blink.
The phantom blinks!
v - a curare-tipped needle Throwing (i - inventory. (,) - cycle):
e - 123 stones (quivered)
Press: ? - help, Shift-Dir - straight line, f/p - phantom
Aim: a phantom (almost destroyed)
You throw a stone. The stone closely misses the phantom.
The phantom blinks!
You don't have enough health at the moment.
You eat one of the 9 rations.
That ration really hit the spot!
You barely miss the phantom.
The phantom is almost destroyed.
You block the phantom's attack.
You hit the phantom.
The phantom is almost destroyed.
The phantom hits you but does no damage.
You closely miss the phantom.
The phantom is almost destroyed.
The phantom hits you.
You die...

....$....>...#####.#
...............(...#
...............W.(.#
######........(....#
#.......(..(((#
#(....((#####.###
####.......# #.#.#
#..........# #.#.#
#..@W...#### ###.#.#
#.....(.# #...#.#
#.......# ####'###.#
######### #.....##.#
#.....##.#
#.....##.#
#.....##.#
#.....##.#
#.....##..


You could see a phantom.

Vanquished Creatures
  An orc priest (D:3)
  An orc wizard (D:3)
  A centaur skeleton (D:4)
  An iguana (D:3)
  A hound zombie (D:3)
  4 adders
  An ooze (D:1)
  2 worms (D:3)
  2 dart slugs (D:2)
  3 leopard geckos
  5 orcs (D:3)
  6 giant cockroaches
  11 goblins
  4 hobgoblins
  2 jackals (D:2)
  11 kobolds
  2 quokkas (D:3)
  2 ball pythons (D:3)
  6 bats
  6 frilled lizards
  3 rats
  A plant (D:2)
76 creatures vanquished.

Notes
Turn   | Place    | Note
-------+----------+-------------------------------------------
     0 | Abyss:1  | Supahsalami the Demonspawn Abyssal Knight began the quest for the Orb.
     0 | Abyss:1  | Reached XP level 1. HP: 18/18 MP: 2/2
    44 | Abyss:1  | Noticed a small abomination
    47 | D:1      | Escaped the Abyss
   373 | D:2      | Reached * piety under Lugonu
   510 | D:2      | Gained mutation: You are immune to rotting. [demonic ancestry]
   510 | D:2      | Reached XP level 2. HP: 20/24 MP: 3/3
   892 | D:2      | Found an iron altar of Okawaru.
   984 | D:2      | Gained mutation: You may emit foul miasma when damaged in melee. [demonic ancestry]
   984 | D:2      | Reached XP level 3. HP: 29/29 MP: 5/5
  1362 | D:3      | Gained mutation: You frequently emit foul miasma when damaged in melee. [demonic ancestry]
  1362 | D:3      | Reached XP level 4. HP: 34/37 MP: 6/6
  1434 | D:3      | Reached ** piety under Lugonu
  2404 | D:3      | Gained mutation: You are slightly more attuned to the shadows. [demonic ancestry]
  2404 | D:3      | Reached XP level 5. HP: 9/42 MP: 5/7
  3597 | D:5      | Entered Level 5 of the Dungeon
  3672 | D:6      | Noticed Duvessa
  3907 | D:6      | Noticed Edmund
  4277 | D:4      | Noticed a phantom
  4298 | D:4      | Reached skill level 1 in Shields
  4363 | D:4      | Slain by a phantom

Skill      XL: |  1  2  3  4  5 |
---------------+----------------+-----
Armour         | 2 3 |  3.0
Axes           | 2 3 |  3.3
Invocations    | 3 4 |  4.0
Fighting       | 4 |  4.1
Shields        | 1 |  1.0
Dodging        | |  0.8

Action                   |  1- 3 |  4- 6 || total
-------------------------+-------+-------++-------
Melee: Hand axe          |   160 |   154 ||   314
       Flail             |       |     7 ||     7
 Fire: Blowgun           |       |    26 ||    26
Throw: Stone             |    23 |    22 ||    45
Invok: Depart the Abyss  |     1 |       ||     1
       Bend Space        |       |     6 ||     6
  Eat: Chunk             |     1 |     5 ||     6
       Ration            |       |     2 ||     2
Armor: Ring mail         |    58 |    70 ||   128
       Leather armour    |     4 |       ||     4
Dodge: Dodged            |    89 |    75 ||   164
Block: Buckler           |       |    15 ||    15
